 Dungeon Crawl Stone Soup version 0.30-b1-2-g02819fbbbe (webtiles) character file.

Game seed: 289811778154625834

23716 nightchill the Dancer (level 13, -2/72 HPs)
             Began as a Vine Stalker Fighter on Jan 5, 2024.
             Was the Champion of Uskayaw.
             Slain by a skyshark (3 damage)
             ... on level 4 of the Lair of Beasts.
             The game lasted 00:32:59 (12539 turns).

nightchill the Dancer (Vine Stalker Fighter)       Turns: 12539, Time: 00:33:00

Health: -2/72      AC: 13    Str: 24    XL:     13   Next: 8%
Magic:  0/23       EV: 10    Int:  8    God:    Uskayaw [******]
Gold:   883        SH:  6    Dex: 19    Spells: 12/12 levels left

rFire   + . .        x - +4 dagger (elec)
rCold   . . .        c - +0 buckler
rNeg    . . .        l - quicksilver dragon scales
rPois   .            n - +2 hat {Stlth+}
rElec   .            G - +2 cloak of Xom's Respect {Str+5}
rCorr   .            v - +0 pair of gloves
SInv    .            (no boots)
Will    ++...        w - amulet of faith
Stlth   ++           y - +4 ring of slaying
HPRegen 1.12/turn    t - ring of protection from fire
MPRegen 0.18/turn

%: guardian spirit, faith
@: lethally poisoned (-2 -> -3), about to teleport, corroded
A: fangs 3, regeneration 1, magic shield, antimagic bite, no potion heal 2
a: Renounce Religion, Stomp, Line Pass, Grand Finale


You were on level 4 of the Lair of Beasts.
You worshipped Uskayaw.
Uskayaw was pleased with you.
You visited 3 branches of the dungeon, and saw 14 of its levels.

You collected 883 gold pieces.

Inventory:

Hand Weapons
 a - a +0 rapier
 x - a +4 dagger of electrocution (weapon)
Missiles
 k - a throwing net (quivered)
Armour
 c - a +0 buckler (worn)
 j - a +1 helmet
 l - quicksilver dragon scales (worn)
 n - a +2 hat of stealth (worn)
 r - a +2 robe of willpower
 v - a +0 pair of gloves (worn)
 B - a scarf of shadows
 G - the +2 cloak of Xom's Respect (worn) {Str+5}
   (You found it on level 1 of the Lair of Beasts)

   Str:       It affects your strength (+5).
Jewellery
 p - a ring of see invisible
 t - a ring of protection from fire (right hand)
 w - an amulet of faith (around neck)
 y - a +4 ring of slaying (left hand)
 F - a ring of willpower
Wands
 e - a wand of flame (13)
 H - a wand of paralysis (26)
 L - a wand of roots (13)
 P - a wand of mindburst (3)
Scrolls
 f - 2 scrolls of fog
 g - 4 scrolls of teleportation
 h - 4 scrolls of vulnerability
 o - a scroll of magic mapping {unknown}
 q - a scroll of enchant armour
 u - a scroll of brand weapon {unknown}
 z - a scroll of immolation
 C - a scroll of poison
 I - a scroll of amnesia
 M - a scroll of fear
 N - a scroll of noise {unknown}
Potions
 b - 3 potions of mutation
 d - 2 potions of might
 i - 2 potions of ambrosia
 m - 2 potions of lignification
 s - 2 potions of flight
 A - 5 potions of haste
 D - 2 potions of berserk rage
 E - 3 potions of brilliance
 J - a potion of magic
 K - 5 potions of curing
 O - a potion of resistance


   Skills:
 + Level 10.4 Fighting
 - Level 11.0 Short Blades
 + Level 5.4 Armour
 - Level 6.0 Shields
 * Level 12.2 Invocations


You had 12 spell levels left.
You didn't know any spells.
Your spell library contained the following spells:

 Spells                   Type           Power      Damage    Failure   Level
 Apportation              Tloc           0%         N/A       58%         1
 Magic Dart               Conj           0%         1d3       58%         1
 Shock                    Conj/Air       0%         1d3       58%         1
 Call Imp                 Summ           0%         N/A       75%         2
 Lesser Beckoning         Tloc           0%         N/A       75%         2
 Gell's Gravitas          Tloc           0%         N/A       92%         3
 Mephitic Cloud           Conj/Pois/Air  0%         N/A       92%         3
 Stone Arrow              Conj/Erth      0%         3d7       92%         3
 Swiftness                Air            0%         N/A       92%         3
 Teleport Other           Tloc           0%         N/A       92%         3
 Airstrike                Air            0%         2d(0-16)  100%        4
 Anguish                  Hex/Necr       0%         N/A       100%        4
 Animate Armour           Summ/Erth      0%         N/A       100%        4
 Animate Dead             Necr           0%         N/A       100%        4
 Passage of Golubria      Tloc           0%         N/A       100%        4
 Agony                    Necr           0%         N/A       100%        5
 Alistair's Intoxication  Tmut/Pois      0%         N/A       100%        5
 Silence                  Hex/Air        0%         N/A       100%        5
 Enfeeble                 Hex            0%         N/A       100%        7
 Lehudib's Crystal Spear  Conj/Erth      0%         10d2      100%        8
 Polar Vortex             Ice            0%         N/A       100%        9


Dungeon Overview and Level Annotations

Branches:
Dungeon (9/15)             Temple (1/1) D:5            Lair (4/5) D:9
  Swamp (0/4) Lair:2        Snake (0/4) Lair:2
  Slime: Lair:4-5       Orc: D:9-12

Altars:
Ashenzari
Cheibriados
Dithmenos
Elyvilon
Fedhas
Hepliaklqana
Kikubaaqudgha
Makhleb
Nemelex Xobeh
Okawaru
Qazlal
Ru
Sif Muna
Trog
Uskayaw
Vehumet
Wu Jian
Xom
Yredelemnul
Zin
The Shining One

Shops:
D:6 (

Annotations:
D:2 exclusion: downstairs
D:6 2 runed translucent doors, exclusion: 2 doors, Crazy Yiuf; h191's ghost, novice SpCK
Lair:2 exclusions: 2 downstairs and 1 more exclusion
Lair:3 1 runed translucent door, exclusion: door, emiel's ghost, journeyman DsBe


Innate Abilities, Weirdness & Mutations

You have razor-sharp teeth.
Your natural rate of healing is unusually fast.
When hurt, damage is shared between your health and your magic reserves.
Your bite disrupts and absorbs the magic of your enemies.
Potions cannot restore your health.


Message History

You closely miss the skyshark. You bite the skyshark! You drain its power.
You feel invigorated.
The skyshark is severely wounded.
You feel sick. You block the water moccasin's attack.
The jelly hits you but does no damage. The skyshark bites you!!
* * * LOW HITPOINT WARNING * * *
The skyshark enters a blood-rage!
You block the skyshark's attack.
The skyshark tail-slaps you but does no damage.
You barely miss the skyshark. You bite the skyshark. You drain its power.
You feel invigorated.
The skyshark is severely wounded.
You feel sick.
The blink frog blinks!
The water moccasin bites you but does no damage.
The skyshark bites you!
* * * LOW HITPOINT WARNING * * *
You block the skyshark's attack.
The skyshark tail-slaps you but does no damage.
The jelly barely misses you.
Aiming: Grand Finale
Press: ? - help, Shift-Dir - straight line
Okay, then.
Okay, then.
As you read the scroll of fear, it crumbles to dust.
You assume a fearsome visage.
The jelly looks frightened! x2
The blink frog looks frightened!
The komodo dragon looks frightened!
The water moccasin looks frightened!
The skyshark is unaffected.
You feel sick.
The blink frog blinks!
The skyshark bites you!
* * * LOW HITPOINT WARNING * * *
The skyshark misses you. The skyshark barely misses you.
You don't have enough magic at the moment.
As you read the scroll of teleportation, it crumbles to dust.
You feel strangely unstable.
You feel sick. The skyshark barely misses you.
The skyshark tail-slaps you but does no damage.
The skyshark tail-slaps you.
* * * LOW HITPOINT WARNING * * *
The skyshark bites you!
* * * LOW HITPOINT WARNING * * *
The skyshark tail-slaps you but does no damage.
The skyshark tail-slaps you.
You die...

+.## ..# ##..# ..# ..>.# .†###
.... #.#.# #..#### ....# #####
....... ....# #####.l.##.......
....# #### ####.#..†J..§......+
....###..###...†@l.#..#.......#
....#.#.......###†JS####......#
........#....#.##P### .......
......############# .?.....
....+.# ....... ....##.#
......# ....# ## ####### #####
#


You could see a skyshark (berserk), a komodo dragon (fleeing), a water moccasin
(fleeing) and 2 jellies.

Vanquished Creatures
  A hydra (Lair:3)
  2 catoblepae (Lair:2)
  A boulder beetle (Lair:1)
  Nergalle (Lair:2)
  A bog body (Lair:2)
  11 elephants (Lair:3)
  A black mamba (Lair:3)
  3 komodo dragons
  11 cane toads
  4 rime drakes
  An unseen horror zombie (D:8)
  A polar bear (Lair:4)
  2 hornets (D:9)
  Prince Ribbit (D:6)
  10 blink frogs
  A basilisk (Lair:3)
  2 wyverns
  2 shadows
  A vampire (D:9)
  9 yaks
  A steam dragon (D:9)
  Edmund (D:6)
  3 nagas (Lair:2)
  An acid dragon (D:9)
  10 water moccasins
  A hornet zombie (D:8)
  A black bear (D:8)
  3 orc warriors
  An ice beast (D:3)
  10 wolves
  2 ogres (D:4)
  6 centaurs
  Blork the orc (D:6)
  10 bullfrogs
  A gnoll sergeant (D:5)
  5 wights (D:7)
  7 killer bees (D:9)
  2 howler monkeys
  4 jellies
  6 orc priests
  4 hounds
  2 gnoll boudas (D:8)
  2 iguanas (D:5)
  4 orc wizards
  20 gnolls
  6 adders
  A white imp (D:8)
  2 worms (D:2)
  6 dart slugs
  26 orcs
  9 bats
  8 endoplasms
  2 giant cockroaches
  36 goblins
  36 hobgoblins
  7 jackals
  8 quokkas
  8 ball pythons
  7 frilled lizards
  11 kobolds
  5 rats
352 creatures vanquished.

Vanquished Creatures (others)
  11 fungi
  10 plants
21 creatures vanquished.

Grand Total: 373 creatures vanquished

Notes
Turn   | Place    | Note
-------+----------+-------------------------------------------
     0 | D:1      | nightchill the Vine Stalker Fighter began the quest for the
                  | Orb.
     0 | D:1      | Reached XP level 1. HP: 11/11 MP: 2/2
   184 | D:1      | Reached XP level 2. HP: 16/16 MP: 3/3
   499 | D:1      | Reached XP level 3. HP: 16/20 MP: 2/4
  1596 | D:2      | Gained mutation: Your natural rate of healing is unusually
                  | fast. [Vine Stalker growth]
  1596 | D:2      | Reached XP level 4. HP: 22/24 MP: 5/5
  1634 | D:2      | Got the Atlas of Cryomancy and the Graveyard
  2011 | D:3      | Reached XP level 5. HP: 28/28 MP: 6/6
  2059 | D:3      | Found a radiant altar of Vehumet.
  2063 | D:3      | Found a shimmering blue altar of Sif Muna.
  2065 | D:3      | Found a snail-covered altar of Cheibriados.
  2065 | D:3      | Noticed an ice beast
  2355 | D:3      | Reached XP level 6. HP: 28/33 MP: 4/7
  2390 | D:3      | Found a faded altar of an unknown god.
  2461 | D:3      | You fall into a shaft and drop 2 floors!
  2461 | D:5      | Entered Level 5 of the Dungeon
  2565 | D:5      | Found a staircase to the Ecumenical Temple.
  2572 | Temple   | Entered the Ecumenical Temple
  2624 | Temple   | Became a worshipper of Uskayaw the Reveller
  2635 | D:5      | Reached * piety under Uskayaw
  2640 | D:5      | Reached ** piety under Uskayaw
  2704 | D:4      | Reached skill level 5 in Short Blades
  2748 | D:4      | Found a sacrificial altar of Ru.
  2828 | D:4      | Reached *** piety under Uskayaw
  3125 | D:3      | Reached XP level 7. HP: 38/38 MP: 8/8
  3887 | D:4      | Reached skill level 1 in Invocations
  3973 | D:4      | Reached **** piety under Uskayaw
  3989 | D:4      | Reached ***** piety under Uskayaw
  4157 | D:4      | Reached skill level 5 in Fighting
  4366 | D:5      | Reached skill level 2 in Invocations
  4366 | D:5      | Gained mutation: You have razor-sharp teeth. [Vine Stalker
                  | growth]
  4366 | D:5      | Reached XP level 8. HP: 38/43 MP: 10/10
  4895 | D:6      | Reached skill level 3 in Invocations
  5019 | D:6      | Found Exorarimuy's Hydra Hut.
  5020 | D:6      | Noticed a six-headed hydra
  5051 | D:6      | Found a glowing golden altar of the Shining One.
  5064 | D:6      | Noticed Prince Ribbit
  5075 | D:6      | Killed Prince Ribbit
  5224 | D:6      | Found a runed translucent door.
  5225 | D:6      | Noticed Crazy Yiuf
  5241 | D:6      | Found a hazy altar of Hepliaklqana.
  5243 | D:6      | Noticed Blork the orc
  5254 | D:6      | Killed Blork the orc
  5255 | D:6      | Reached XP level 9. HP: 44/48 MP: 10/12
  5277 | D:6      | Noticed Edmund
  5287 | D:6      | Killed Edmund
  5288 | D:6      | Reached skill level 4 in Invocations
  5446 | D:6      | Found a runed translucent door.
  5463 | D:6      | Noticed h191's ghost (novice SpCK)
  6715 | D:7      | Reached skill level 5 in Invocations
  7096 | D:8      | Noticed a manticore
  7096 | D:8      | Noticed a troll
  7096 | D:8      | Noticed a manticore
  7096 | D:8      | Noticed an efreet
  7117 | D:8      | Noticed a red ugly thing
  7117 | D:8      | Noticed a boulder beetle
  7117 | D:8      | Noticed a two-headed ogre
  7118 | D:8      | Noticed a green ugly thing
  7353 | D:8      | Found an ornate altar of the Wu Jian Council.
  7439 | D:8      | Found a basalt altar of Yredelemnul.
  8031 | D:8      | Reached XP level 10. HP: 55/55 MP: 15/15
  8182 | D:9      | Reached skill level 6 in Invocations
  8192 | D:9      | Reached skill level 10 in Short Blades
  8269 | D:9      | Found a staircase to the Lair.
  8694 | D:9      | Found a shadowy altar of Dithmenos.
  8749 | D:9      | Paralysed by a hornet for 2 turns
  8840 | Lair:1   | Entered Level 1 of the Lair of Beasts
  8894 | D:9      | Reached skill level 7 in Invocations
  8930 | Lair:1   | Noticed a boulder beetle
  9078 | D:9      | Reached XP level 11. HP: 50/60 MP: 17/17
  9170 | Lair:1   | Killed a boulder beetle
  9324 | Lair:1   | Reached skill level 8 in Invocations
  9636 | Lair:1   | Identified the +2 cloak of Xom's Respect {Str+5}
 10050 | Lair:2   | Identified the +5 ring mail of Parlour Games {-Tele rPois
                  | rF+ Dex+3}
 10059 | Lair:2   | Noticed a catoblepas
 10068 | Lair:2   | Killed a catoblepas
 10069 | Lair:2   | Reached skill level 5 in Shields
 10397 | Lair:2   | Noticed Nergalle
 10401 | Lair:2   | Noticed a catoblepas
 10410 | Lair:2   | Killed Nergalle
 10413 | Lair:2   | Killed a catoblepas
 10414 | Lair:2   | Reached skill level 9 in Invocations
 10581 | Lair:2   | Found a staircase to the Swamp.
 10581 | Lair:2   | Noticed a bog body
 10785 | Lair:2   | Found a staircase to the Snake Pit.
 11059 | Lair:2   | Killed a bog body
 11251 | Lair:3   | Reached XP level 12. HP: 63/66 MP: 17/20
 11305 | Lair:3   | Noticed a six-headed hydra
 11312 | Lair:3   | Killed a six-headed hydra
 11313 | Lair:3   | Reached skill level 10 in Invocations
 11769 | Lair:3   | Found a runed translucent door.
 11997 | Lair:3   | Reached skill level 11 in Invocations
 12001 | Lair:3   | Reached ****** piety under Uskayaw
 12222 | Lair:3   | Reached skill level 10 in Fighting
 12345 | Lair:3   | Noticed emiel's ghost (journeyman DsBe)
 12345 | Lair:3   | Identified the +4 spear of Fragile Peace {freeze, rElec
                  | Str+3 Int+3 Dex-5}
 12438 | Lair:4   | Reached skill level 5 in Armour
 12508 | Lair:4   | Reached skill level 12 in Invocations
 12511 | Lair:4   | Reached XP level 13. HP: 68/72 MP: 21/23
 12539 | Lair:4   | HP: 1/72 [skyshark (7)]
 12539 | Lair:4   | Slain by a skyshark

Illustrated notes

Levels and vault maps discovered:
D:1:      wheals_arrival_linesprint, layout_loops_corners
D:2:      kennysheep_six_static_rooms, layout_rooms, minmay_tetromino_l2
D:3:      layout_rooms, grunt_temple_overflow_open,
          chequers_ecumenical_altar_island, st_stairs_5
D:4:      minmay_goblin_kobold_castle, layout_rooms, lemuel_tele_altar,
          chequers_serial_rivers_large_a, minmay_misc_feat_hallway,
          kennysheep_generic_room_10
D:5:      layout_loops_ring, minmay_temple_entry_slanted,
          hellmonk_bongcloud_opening, kennysheep_cross_bottleneck,
          minmay_misc_feat_x
D:6:      layout_gridville, mainiacjoe_overflow_boulevard, tso_metal_star,
          ebering_ghost_sewer_d, doesnt_shop_hydraphobe, uniq_edmund,
          uniq_blork_the_orc, uniq_prince_ribbit1, uniq_crazy_yiuf_cottage
D:7:      layout_layer_cave
D:8:      layout_loops_corners, nzn_wu_jian_council_hall,
          lemuel_zombie_altar_yredelemnul, grunt_ministairs_3,
          hangedman_glass_teeth, minivault_12
D:9:      kennysheep_blocky_hall, layout_cave_pools, grunt_dithmenos_shadows,
          lair_entry_dummy, hangedman_abyss_or_decor_passed
Temple:   nicolae_temple_ecumenical_triangle
Lair:1:   layout_roguey, infiniplex_staircase_pool
Lair:2:   layout_cellular_growth, skrybe_swamp_entry_bodies,
          nicolae_snake_entry_squirm, uniq_nergalle
Lair:3:   layout_hall_layers, ebering_ghost_funeral_grove, beast_lair_carwin_8,
          grunt_megastairs_2
Lair:4:   layout_roguey, nicolae_slime_entry_field_trip

Skill      XL: |  1  2  3  4  5  6  7  8  9 10 11 12 |
---------------+-------------------------------------+-----
Short Blades   | 2 3 4 5 6 7 9 11 | 11.0
Fighting       | 3 4 5 6 7 8 9 10 | 10.4
Invocations    | 2 3 5 7 9 12 | 12.2
Shields        | 3 6 |  6.0
Armour         | 5 |  5.4

Action                     |  1- 3 |  4- 6 |  7- 9 | 10-12 | 13-15 || total
---------------------------+-------+-------+-------+-------+-------++-------
  Melee: Rapier            |   122 |   146 |       |       |       ||   268
         Bite              |    32 |    59 |   124 |   140 |     9 ||   364
         Dagger            |       |    42 |   344 |   350 |    25 ||   761
 Invoke: Line Pass         |       |       |       |     2 |       ||     2
    Use: Potion            |       |       |     2 |       |       ||     2
         Scroll            |       |       |    16 |     6 |     2 ||    24
   Stab: Paralysed         |       |     1 |    16 |    48 |     3 ||    68
         Petrifying        |       |       |       |     1 |       ||     1
         Confused          |       |       |       |     1 |       ||     1
         Sleeping          |       |       |       |     1 |       ||     1
 Armour: Scale mail        |    44 |       |       |       |       ||    44
         Quicksilver drago |     6 |    74 |    93 |   108 |    15 ||   296
  Dodge: Dodged            |    68 |    74 |   147 |    95 |    12 ||   396
  Block: Buckler           |    31 |    46 |    50 |    68 |     9 ||   204
